 Dungeon Crawl Stone Soup version 0.19.1-1-g22dce08 (webtiles) character file.

16076 dngmouse the Fighter (level 12, -5/115 HPs)
             Began as a Hill Orc Fighter on Jan 12, 2017.
             Was an Elder of Makhleb.
             Killed from afar by a deep elf mage (31 damage)
             ... with a bolt of lightning
             ... on level 12 of the Dungeon.
             The game lasted 00:51:26 (11997 turns).

dngmouse the Fighter (Hill Orc Fighter)            Turns: 11997, Time: 00:51:27

Health: -5/115     AC: 20    Str: 29    XL:     12   Next: 33%
Magic:  20/20      EV:  7    Int:  6    God:    Makhleb [****..]
Gold:   390        SH:  4    Dex: 10    Spells: 0 memorised, 11 levels left

rFire  . . .     SeeInvis .     b - +4 flail of the Endless March {drain, rN+}
rCold  . . .     Gourm    .     t - +0 plate armour
rNeg   + . .     Faith    .     m - +0 buckler
rPois  .         Spirit   .     M - +1 hat
rElec  .         Reflect  .     v - +0 cloak
rCorr  .         Harm     .     F - +2 pair of gloves
MR     .....     Rnd*Rage +     (no boots)
Stlth  ..........               o - amulet of inaccuracy (curse)
                                y - ring of loudness (curse)
                                C - +5 ring of strength

@: no status effects
A: berserk 1, dopey 1
a: Minor Destruction, Lesser Servant of Makhleb, Major Destruction, Renounce
Religion


You were on level 12 of the Dungeon.
You worshipped Makhleb.
Makhleb was greatly pleased with you.
You were near starving.

You visited 2 branches of the dungeon, and saw 13 of its levels.
You also visited: Ossuary.

You collected 729 gold pieces.
You spent 339 gold pieces at shops.

Inventory:

Hand Weapons
 a - a +0 war axe of flaming
 b - the +4 flail of the Endless March (weapon) {drain, rN+}
   (You found it on level 7 of the Dungeon)

   A truly terrible weapon, it drains the life of those it strikes.
   It protects you from negative energy.
 P - a +0 battleaxe
Missiles
 J - 4 tomahawks (quivered)
Armour
 c - a +0 shield
 m - a +0 buckler (worn)
 t - a +0 plate armour (worn)
 v - a +0 cloak (worn)
 F - a +2 pair of gloves (worn)
 M - a +1 hat (worn)
Jewellery
 j - an uncursed amulet of guardian spirit
 l - a +2 ring of intelligence
 o - a cursed amulet of inaccuracy (around neck)
 y - a cursed ring of loudness (right hand)
 A - an uncursed ring of wizardry
 C - a +5 ring of strength (left hand)
 H - an uncursed ring of flight {unknown}
 I - an uncursed ring of flight {unknown}
Wands
 w - a wand of slowing (34/48)
 z - a wand of flame (40/48)
 K - a wand of enslavement (15/24)
 L - a wand of flame (21/48)
 O - a wand of paralysis (16/24)
 Q - a wand of flame (37/48)
 S - a wand of acid (8/15)
Scrolls
 e - 2 scrolls of magic mapping
 i - 11 scrolls of identify
 q - 4 scrolls of amnesia
 r - 2 scrolls of remove curse {unknown}
 u - 3 scrolls of blinking
 B - 6 scrolls of teleportation {unknown}
 D - a scroll of holy word {unknown}
 G - 2 scrolls of enchant weapon {unknown}
 N - a scroll of torment {unknown}
Potions
 d - 3 potions of might
 g - 2 potions of brilliance
 n - a potion of invisibility {unknown}
 p - 3 potions of resistance
 E - 3 potions of magic
 T - a potion of agility {unknown}
Miscellaneous
 R - a lamp of fire
Comestibles
 f - 14 bread rations
 h - 15 fruits
 k - 5 meat rations
 s - 3 slices of pizza
 x - 3 royal jellies


   Skills:
 + Level 13.2 Fighting
 + Level 11.5(12.8) Axes
 - Level 8.0(10.1) Maces & Flails
 - Level 0.3 Throwing
 + Level 9.3 Armour
 - Level 0.1 Stealth
 - Level 3.2 Shields
 + Level 11.4 Invocations


You had 11 spell levels left.
You didn't know any spells.

Dungeon Overview and Level Annotations

Branches:
Dungeon (12/15)            Temple (1/1) D:7            Lair (0/6) D:11
    Orc (0/2) D:9

Altars:
Ashenzari
Cheibriados
Dithmenos
Elyvilon
Fedhas
Gozag
Hepliaklqana
Kikubaaqudgha
Makhleb
Nemelex Xobeh
Okawaru
Qazlal
Ru
Sif Muna
Trog
Uskayaw
Vehumet
Xom
Yredelemnul
Zin
The Shining One

Shops:
D:6 ?[!*   D:9 [   D:11 =   D:12 :


Innate Abilities, Weirdness & Mutations

You tend to lose your temper in combat.
You are dopey. (Int -2)


Message History

You barely miss the deep elf mage.
The deep elf mage is lightly wounded.
The deep elf mage hits you but does no damage.
You thump the deep elf mage!
The deep elf mage is moderately wounded.
You hit the deep elf mage.
The deep elf mage is heavily wounded.
The deep elf mage gestures at you while chanting.
The bolt of lightning hits you!
* * * LOW HITPOINT WARNING * * *
You are too injured to fight recklessly!
You are too injured to fight recklessly!
You are too injured to fight recklessly!
You are too injured to fight recklessly!
You hit the deep elf mage but do no damage.
You drain the deep elf mage!
The deep elf mage is heavily wounded.
The deep elf mage casts a spell at you. The bolt of lightning hits you!
You die...

....... #.......#####
....... #.............
.......
#.....................
#.....................
####.....................
.....((.....................
......(.(...e.........#####.
...........@..........# #.
..........(.<.........# #.
......................# #.
......................#####.
............................
...
####.....................
......
#....................)
.......
#.....................
.......#
#.....................


You could see a deep elf mage.

Vanquished Creatures
  Gastronok (D:11)
  Erolcha (D:11)
  The ghost of Alarkh the Cleaver, a novice DsMo of Trog (D:9)
  2 unseen horrors
  Pikel (D:9)
  3 hill giants
  A cyclops (D:10)
  A manticore (D:11)
  A centaur skeleton (D:11)
  2 kobold demonologists (D:11)
  A troll (D:12)
  A hornet (D:7)
  2 hippogriffs (D:11)
  Sigmund (D:4)
  A wraith (D:11)
  A shadow (D:11)
  6 yaks
  Grum (D:9)
  The ghost of Alarkh the Chopper, an amateur DsMo (D:4)
  3 ice beasts
  A water moccasin (D:8)
  A black bear (D:6)
  2 sky beasts
  A slave (D:9)
  3 orc warriors
  4 ogres
  2 eyes of draining
  3 wolves
  3 centaurs
  4 phantoms
  A crocodile (D:11)
  3 big kobolds (D:11)
  13 bullfrogs
  A water moccasin zombie (D:7)
  2 scorpions
  6 killer bees
  2 howler monkeys
  A wight (D:12)
  2 crimson imps
  2 centaur zombies
  2 bullfrog zombies
  6 orc wizards
  11 hounds
  6 orc priests
  2 bullfrog skeletons
  An iron imp (D:9)
  2 iguanas
  Ijyb (D:2)
  8 worker ants
  A big kobold zombie (Ossuary)
  3 mummies (Ossuary)
  A worker ant zombie (D:6)
  12 adders
  10 gnolls
  A shadow imp (D:10)
  2 adder skeletons (D:8)
  3 adder zombies
  A worm (D:3)
  2 dart slugs
  6 leopard geckos
  35 orcs
  6 bats
  2 giant cockroaches
  6 goblins
  8 hobgoblins
  8 jackals
  6 quokkas
  4 frilled lizards
  A giant cockroach zombie (D:6)
  3 goblin zombies (Ossuary)
  2 hobgoblin zombies (Ossuary)
  14 kobolds
  5 kobold zombies (Ossuary)
  A leopard gecko skeleton (D:8)
  A leopard gecko zombie (D:5)
  An orc zombie (Ossuary)
  2 quokka skeletons
  2 quokka zombies (Ossuary)
  5 rats
  2 rat zombies (Ossuary)
  7 fungi (D:11)
  3 plants (D:11)
294 creatures vanquished.

Vanquished Creatures (collateral kills)
  The ghost of Paps the Basher, a journeyman TrBe of Trog (D:12)
  2 wights (D:12)
3 creatures vanquished.

Vanquished Creatures (others)
  A slave (D:9)
  A crimson imp (D:9)
  A worker ant (D:9)
  4 fungi (D:11)
7 creatures vanquished.

Grand Total: 304 creatures vanquished

Notes
Turn   | Place    | Note
-------+----------+-------------------------------------------
     0 | D:1      | dngmouse the Hill Orc Fighter began the quest for the Orb.
     0 | D:1      | Reached XP level 1. HP: 19/19 MP: 1/1
   219 | D:1      | Reached XP level 2. HP: 17/27 MP: 2/2
   447 | D:1      | Reached skill level 4 in Fighting
  1001 | D:2      | Reached XP level 3. HP: 33/33 MP: 3/3
  1153 | D:2      | Found a hazy altar of Hepliaklqana.
  1160 | D:2      | Noticed Ijyb
  1173 | D:2      | Killed Ijyb
  1173 | D:2      | Reached XP level 4. HP: 39/41 MP: 1/4
  1509 | D:2      | Reached skill level 5 in Fighting
  1930 | D:3      | Reached skill level 5 in Axes
  2040 | D:3      | Reached XP level 5. HP: 48/48 MP: 5/5
  2753 | D:4      | Reached XP level 6. HP: 28/57 MP: 6/6
  2777 | D:4      | Reached skill level 6 in Fighting
  2886 | D:4      | Noticed Alarkh's ghost (amateur DsMo)
  2928 | D:4      | Killed Alarkh's ghost
  2928 | D:4      | Reached skill level 7 in Fighting
  2928 | D:4      | Reached XP level 7. HP: 63/66 MP: 7/7
  3257 | D:4      | Noticed Sigmund
  3274 | D:4      | Killed Sigmund
  3340 | D:5      | Entered Level 5 of the Dungeon
  3524 | D:5      | Found a shadowy altar of Dithmenos.
  3602 | D:5      | Reached skill level 8 in Fighting
  3603 | D:5      | Reached XP level 8. HP: 40/74 MP: 4/8
  3834 | D:5      | Found a shimmering altar of Xom.
  4440 | D:6      | Found Xeytwim's Magic Scroll Shop.
  4448 | D:6      | Bought a scroll of brand weapon for 220 gold pieces
  4471 | D:6      | Reached skill level 9 in Fighting
  4569 | D:6      | Reached skill level 10 in Axes
  4703 | D:6      | Found Kytzuguy's Armour Boutique.
  4708 | D:6      | Found Naxavic's Assorted Antiques.
  4708 | D:6      | Found Mutuer Zaci's Distillery.
  4712 | D:6      | Found Inol's Antique Weapon Boutique.
  4714 | D:6      | Bought a potion of mutation for 37 gold pieces
  5068 | D:7      | Found a staircase to the Ecumenical Temple.
  5077 | Temple   | Entered the Ecumenical Temple
  5081 | Temple   | Became a worshipper of Makhleb the Destroyer
  5156 | D:7      | Found a sand-covered staircase.
  5161 | Ossuary  | Entered an ossuary
  5167 | Ossuary  | Reached skill level 1 in Invocations
  5276 | Ossuary  | Reached XP level 9. HP: 83/85 MP: 10/10
  5387 | D:7      | Reached * piety under Makhleb
  5501 | D:6      | Bought a scroll of blinking for 82 gold pieces
  5527 | D:7      | Found a shattered altar of Ashenzari.
  5640 | D:7      | Noticed a hornet
  5660 | D:7      | Paralysed by a hornet for 3 turns
  5671 | D:7      | HP: 3/127 [hornet (7)]
  5682 | D:7      | Killed a hornet
  5682 | D:7      | Reached skill level 10 in Fighting
  6162 | D:7      | Reached skill level 5 in Invocations
  6239 | D:7      | Got an iridescent flail
  6240 | D:7      | Identified the +4 flail of the Endless March {drain, rN+} (You found it on level 7 of the Dungeon)
  6464 | D:8      | Reached skill level 1 in Maces & Flails
  6840 | D:8      | Reached ** piety under Makhleb
  7094 | D:9      | Noticed Alarkh's ghost (novice DsMo)
  7107 | D:9      | Noticed Grum
  7128 | D:8      | Reached XP level 10. HP: 28/94 MP: 13/15
  7411 | D:9      | Killed Grum
  7411 | D:9      | Reached skill level 11 in Fighting
  7456 | D:9      | Killed Alarkh's ghost
  7456 | D:9      | Reached skill level 5 in Armour
  7649 | D:9      | Found Rogg's Antique Armour Boutique.
  7663 | D:9      | Found a snail-covered altar of Cheibriados.
  7703 | D:9      | Noticed Pikel
  7717 | D:9      | Killed Pikel
  7742 | D:9      | Found a staircase to the Orcish Mines.
  8146 | D:9      | Found a sparkling altar of Nemelex Xobeh.
  8597 | D:10     | Entered Level 10 of the Dungeon
  8605 | D:10     | Noticed a cyclops
  8610 | D:10     | Reached skill level 5 in Maces & Flails
  8891 | D:10     | Killed a cyclops
  8891 | D:10     | Reached XP level 11. HP: 98/104 MP: 17/17
  9031 | D:10     | Reached skill level 12 in Fighting
  9109 | D:10     | Reached *** piety under Makhleb
  9229 | D:10     | Killed an unseen horror
  9378 | D:10     | Noticed a hill giant
  9388 | D:10     | Killed a hill giant
  9505 | D:10     | Noticed a hill giant
  9520 | D:10     | Killed a hill giant
  9823 | D:11     | Noticed a manticore
  9836 | D:11     | Killed a manticore
  9836 | D:11     | Reached skill level 10 in Invocations
 10003 | D:11     | Found Saic's Jewellery Shoppe.
 10007 | D:11     | Noticed Gastronok
 10018 | D:11     | Gained mutation: You are dopey. (Int -2) [a neqoxec]
 10026 | D:11     | Gained mutation: You tend to lose your temper in combat. [a neqoxec]
 10050 | D:11     | Killed Gastronok
 10096 | D:11     | Found a staircase to the Lair.
 10317 | D:11     | Reached **** piety under Makhleb
 10779 | D:11     | Killed an unseen horror
 10779 | D:11     | Reached XP level 12. HP: 67/113 MP: 20/20
 10886 | D:11     | Noticed Erolcha
 10890 | D:11     | Paralysed by Erolcha for 5 turns
 10903 | D:11     | Killed Erolcha
 10903 | D:11     | Reached skill level 13 in Fighting
 10983 | D:12     | Noticed Paps's ghost (journeyman TrBe)
 11116 | D:12     | HP: 1/115 [Paps's ghost (14)]
 11515 | D:12     | Killed Paps's ghost
 11613 | D:12     | Found Qaydeymp's Book Shop.
 11997 | D:12     | Killed from afar by a deep elf mage

Skill      XL: |  1  2  3  4  5  6  7  8  9 10 11 12 |
---------------+-------------------------------------+-----
Axes           | 3 4 5 6 7 8 10 11 | 11.5
Fighting       | 4 5 7 8 9 10 11 12 13 | 13.2
Invocations    | 1 6 9 10 11 | 11.4
Maces & Flails | 2 5 7 8 |  8.0
Armour         | 4 6 8 9 |  9.3
Throwing       | |  0.3
Stealth        | |  0.1
Shields        | |  3.2

Action                   |  1- 3 |  4- 6 |  7- 9 | 10-12 || total
-------------------------+-------+-------+-------+-------++-------
Melee: War axe           |    83 |   185 |   397 |   132 ||   797
       Flail             |       |       |    84 |   487 ||   571
Throw: Tomahawk          |       |    14 |     2 |    10 ||    26
Invok: Minor Destruction |       |       |       |    21 ||    21
       Lesser Servant of |       |       |       |     2 ||     2
       Major Destruction |       |       |       |     1 ||     1
  Use: Potion            |       |     1 |     7 |     5 ||    13
       Scroll            |       |       |    10 |       ||    10
 Stab: Distracted        |       |       |       |     2 ||     2
  Eat: Chunk             |     1 |     6 |    14 |    15 ||    36
Armor: Scale mail        |    44 |     3 |       |       ||    47
       Plate armour      |       |    90 |   337 |   468 ||   895
       Skin              |       |       |    18 |       ||    18
Dodge: Dodged            |    28 |    15 |    84 |   167 ||   294
Block: Shield            |    53 |    90 |   264 |   145 ||   552
       Buckler           |       |       |       |    60 ||    60
